 Dungeon Crawl Stone Soup version 0.31-a0-977-gc230f8ef24 (webtiles) character file.

Game seed: 6535708268650986575

389 tsujin the Changeling (level 6, -8/47 HPs)
             Began as a Demonspawn Shapeshifter on Oct 29, 2023.
             Was an Initiate of Nemelex Xobeh.
             Killed by divine providence
             ... invoked by an orc priest
              (14 damage)
             ... on level 4 of the Dungeon.
             The game lasted 00:06:26 (2420 turns).

tsujin the Changeling (Demonspawn Shapeshifter)     Turns: 2420, Time: 00:06:26

Health: -8/47      AC:  6    Str: 16    XL:     6   Next: 49%
Magic:  6/6        EV:  9    Int: 12    God:    Nemelex Xobeh [......]
Gold:   165        SH:  0    Dex: 14    Spells: 5/5 levels left

rFire   . .          .
                       - Unarmed
rCold   . . .        (no shield)
rNeg    . . .        l - +0 scale mail
rPois   .            (helmet currently unavailable)
rElec   .            (cloak currently unavailable)
rCorr   .            (gloves currently unavailable)
SInv    .            (boots currently unavailable)
Will    .....        g - amulet of regeneration
Stlth   +            (no ring)
HPRegen 1.07/turn    (no ring)
MPRegen 0.10/turn

%: no passive effects
@: beast-form
A: beast (slay +2), thin skeletal structure 1, ignite blood 1, powered by death
1, demonic touch 1
a: Begin Untransformation, Renounce Religion, Draw Escape, Draw Destruction,
Draw Summoning


You were on level 4 of the Dungeon.
You worshipped Nemelex Xobeh.
Nemelex Xobeh was noncommittal.
You were a hulking beast.
You visited 1 branch of the dungeon, and saw 4 of its levels.

You collected 165 gold pieces.

Inventory:

Armour
 e - a +0 helmet
 l - a +0 scale mail (worn)
Jewellery
 g - an amulet of regeneration (around neck)
Talismans
 c - a beast talisman
 d - a flux talisman
Scrolls
 f - a scroll of identify
 j - a scroll of fear
 m - 3 scrolls of fog
Potions
 b - a potion of lignification
 h - 2 potions of haste
 i - a potion of degeneration
 k - 2 potions of heal wounds


   Skills:
 + Level 3.4 Fighting
 + Level 0.2 Armour
 - Level 1.7 Dodging
 + Level 0.1 Stealth
 + Level 4.1 Unarmed Combat
 * Level 4.6 Shapeshifting


You had 5 spell levels left.
You didn't know any spells.
Your spell library contained the following spells:

 Spells                   Type           Power      Damage    Failure   Level
 Sting                    Tmut/Pois      0%         1d3       77%         1
 Poisonous Vapours        Pois/Air       0%         N/A       88%         2
 Olgreb's Toxic Radiance  Pois           0%         N/A       100%        4


Dungeon Overview and Level Annotations

Branches:
Dungeon (4/15)
 Temple: D:4-7

Altars:
Nemelex Xobeh

Shops:
D:3 :


Innate Abilities, Weirdness & Mutations

You are a hulking beast.
Your limbs bulge with bestial killing power. (Slay +2)
You have a somewhat thin skeletal structure. (Dex +2, Stealth+)
Your demonic aura sometimes causes spilled blood to erupt in flames.
You regenerate a little health from kills.
Your touch may inflict minor irresistible damage on your foes.


Message History

You hit the orc priest.
The orc priest is moderately wounded.
Something hits you but does no damage.
The orc priest hits you with a +0 flail.
You're too confused to move!
Something hits you.
The orc priest hits you but does no damage.
You hear some strange, mumbled words.
Something tries to affect you, but you resist.
The orc wizard casts a spell.
The orc wizard flickers and vanishes!
You feel less confused.
The orc priest mumbles some strange prayers to Beogh against you.
Beogh smites you!
You take 11 damage, and have 26/47 hp.
MASSIVE DAMAGE!!
Something hits you.
The orc priest invokes the aid of Beogh against you.
Beogh smites you!
* * * LOW HITPOINT WARNING * * *
You take 13 damage, and have 14/47 hp.
MASSIVE DAMAGE!!
Something hits you but does no damage.
The orc priest mumbles some strange prayers to Beogh against you.
Something writhes in agony!
Something hits you.
* * * LOW HITPOINT WARNING * * *
You take 1 damage, and have 13/47 hp.
You regained 2 hp, and now have 15/47 hp.
Something hits you but does no damage. x2
Something hits you but does no damage.
A magic dart appears from out of thin air!
The magic dart hits something.
The orc priest mumbles some strange prayers to Beogh against you.
Beogh smites you!
* * * LOW HITPOINT WARNING * * *
Something hits you.
* * * LOW HITPOINT WARNING * * *
You take 13 damage, and have 4/47 hp.
MASSIVE DAMAGE!!
There is a stone staircase leading up here.
The orc priest invokes the aid of Beogh against you.
Beogh smites you!
You die...
Your body disappears without a glow.

,,,,,,,,,,,,,,,,,,,###########,,,
,,,,,,,,,,,,,......#....#....#,,,
,,,,,,,,,,,,,<.....#....#....#,,,
,,,,,,,,,,,,,,.....##....#...#,,,
*********+****#.....#..#######***
,,,,,,,,,,,,,,#.....#...#
,,,,,,,,,,,,,,#.....#...#
***+****,,**,.#.....#..########
***,,,**,,**,.#.h...#..#......###
,*,,,,,,,,,,,.#.o{..#..#.........
,*,,,,,,,,,,,.#.{...#..#.........
,*,,,,,,,,,,,.#...o.#..#.........
,*,*********,.#.....#..#.....†...
**,*,,,,,,,*,.#.....##'#.........
**,*,,,,,,,*,.#.............#####
,,,*,,,,,,,*,.#..........<..#
,,,*,,,_,,,*,.#.....).......#


You could see an orc priest and an orc.

Vanquished Creatures
  Grinder (D:3)
  An orc priest (D:4)
  Robin (D:3)
  2 adders
  3 gnolls (D:3)
  2 dart slugs
  6 orcs (D:3)
  7 bats
  4 endoplasms
  3 giant cockroaches
  12 goblins
  13 hobgoblins
  6 jackals
  2 quokkas
  9 ball pythons
  5 frilled lizards
  4 kobolds
  5 rats
86 creatures vanquished.

Notes
Turn   | Place    | Note
-------+----------+-------------------------------------------
     0 | D:1      | tsujin the Demonspawn Shapeshifter began the quest for the
                  | Orb.
     0 | D:1      | Reached XP level 1. HP: 15/15 MP: 1/1
   189 | D:1      | Gained mutation: You have a somewhat thin skeletal
                  | structure. (Dex +2, Stealth+) [demonic ancestry]
   189 | D:1      | Reached XP level 2. HP: 21/21 MP: 2/2
   529 | D:1      | Reached XP level 3. HP: 27/27 MP: 3/3
  1548 | D:3      | Found Vuczalu's Book Boutique.
  1556 | D:3      | Gained mutation: You regenerate a little health from kills.
                  | [demonic ancestry]
  1556 | D:3      | Reached XP level 4. HP: 33/33 MP: 4/4
  1591 | D:3      | Noticed Grinder
  1632 | D:3      | Paralysed by Grinder for 5 turns
  1645 | D:3      | Paralysed by Grinder for 4 turns
  1649 | D:3      | Killed Grinder
  1650 | D:3      | Gained mutation: Your demonic aura sometimes causes spilled
                  | blood to erupt in flames. [demonic ancestry]
  1650 | D:3      | Reached XP level 5. HP: 21/41 MP: 5/5
  1650 | D:3      | Gained mutation: Your touch may inflict minor irresistible
                  | damage on your foes. [demonic ancestry]
  1650 | D:3      | Reached XP level 6. HP: 24/47 MP: 6/6
  1732 | D:3      | Found a faded altar of an unknown god.
  1741 | D:3      | Noticed Robin
  1759 | D:3      | Killed Robin
  2025 | D:3      | Found a sparkling altar of Nemelex Xobeh.
  2283 | D:3      | Became a worshipper of Nemelex Xobeh the Trickster
  2420 | D:4      | Killed from afar by an orc priest

Illustrated notes

Levels and vault maps discovered:
D:1:      dpeg_arrival_yet_another_circle, layout_loops_ring
D:2:      layout_loops_ring
D:3:      layout_rooms, lemuel_coloured_pillars_altar,
          shapermc_ecumenical_altar_mp_ritualfount, serial_shops,
          nicolae_shop_peninsula, minivault_14, minivault_23, uniq_robin,
          uniq_grinder
D:4:      layout_gridville, lemuel_tele_altar, mainiacjoe_overflow_alcove_1,
          mainiacjoe_overflow_boulevard, uniq_blork_the_orc, uniq_pikel

Skill      XL: |  1  2  3  4  5  6 |
---------------+-------------------+-----
Unarmed Combat | 3 4 |  4.1
Shapeshifting  | 3 4 |  4.6
Fighting       | 2 3 |  3.4
Armour         | |  0.2
Dodging        | |  1.7
Stealth        | |  0.1

Action                     |  1- 3 |  4- 6 || total
---------------------------+-------+-------++-------
  Melee: Unarmed           |   151 |    93 ||   244
         Punch             |     4 |       ||     4
         Touch             |       |    10 ||    10
    Use: Scroll            |     5 |     6 ||    11
         Potion            |       |     4 ||     4
   Stab: Sleeping          |    14 |       ||    14
         Distracted        |     1 |       ||     1
 Armour: Animal skin       |    61 |    65 ||   126
         Skin              |       |    27 ||    27
         Scale mail        |       |    15 ||    15
  Dodge: Dodged            |    71 |    89 ||   160

Table legend: (Time is in decaauts)
 A = Elapsed time spent in this place.
 B = Non-inter-level travel time spent in this place.
 C = Inter-level travel time spent in this place.
 D = Time resting spent in this place.
 E = Time spent auto-exploring this place.
 F = Levels seen in this place.
 G = Mean time per level.
                   A        B        C        D        E       F      G
               +--------+--------+--------+--------+--------+-----+--------+
         Total |   2404 |   2173 |    231 |    129 |   1381 |   4 |  601.0 |
       Dungeon |   2404 |   2173 |    231 |    129 |   1381 |   4 |  601.0 |
               +--------+--------+--------+--------+--------+-----+--------+

Top non-repeatable levels by time:
     D:2: 817 daAuts
     D:3: 802 daAuts
     D:1: 704 daAuts
     D:4: 80 daAuts
